 Dungeon Crawl Stone Soup version 0.29.1-15-g9cfb28693d (webtiles) character file.

Game seed: 15542772176932490724

29838 croobank the Unforgettable (level 13, 0/55 HPs)
             Began as a Felid Summoner on Apr 8, 2023.
             Was the Champion of Hepliaklqana.
             Killed by divine providence
             ... invoked by Saint Roka
              (11 damage)
             ... on level 2 of the Orcish Mines on Apr 10, 2023.
             The game lasted 03:08:18 (37086 turns).

croobank the Unforgettable (Felid Summoner)        Turns: 37086, Time: 03:08:19

Health: 0/55       AC:  3    Str:  4    XL:     13   Next: 17%
Magic:  0/28       EV: 27    Int: 21    God:    Hepliaklqana [******]
Gold:   1379       SH:  0    Dex: 17    Spells: 12/32 levels left
                                        Lives:  0   Deaths: 3

rFire   + . .      SeeInvis +   (weapon unavailable)
rCold   + . .      Faith    .   (shield unavailable)
rNeg    . . .      Spirit   +   (body armour unavailable)
rPois   .          Reflect  .   (helmet unavailable)
rElec   .          Harm     .   (cloak unavailable)
rCorr   .          Rampage  .   (gloves unavailable)
Will    +....                   (boots unavailable)
Stlth   ++........              i - amulet of guardian spirit
HPRegen 0.18/turn               j - ring of protection from cold
MPRegen 0.21/turn               J - ring of fire

@: forested, quick
A: reduced essence, very small, claws 1, fangs 3, see invisible, speed 1, shaggy
fur 3, stealthy paws, no weapons or thrown items, no armour, multi-lived
a: Renounce Religion, Recall Ancestor, Ancestor Identity, Transference, Idealise


You were on level 2 of the Orcish Mines.
You worshipped Hepliaklqana.
Hepliaklqana was exalted by your worship.
You visited 3 branches of the dungeon, and saw 21 of its levels.
You also visited: Ice Cave.

You collected 2312 gold pieces.
You spent 933 gold pieces at shops.

Inventory:

Jewellery
 i - an amulet of guardian spirit (around neck)
 j - a ring of protection from cold (left paw)
 t - a ring of protection from cold
 x - a ring of resist corrosion
 y - a ring of willpower
 B - a ring of ice
 J - a ring of fire (right paw)
Wands
 k - a wand of charming (4)
 l - a wand of flame (56)
 u - a wand of polymorph (4)
 v - a wand of iceblast (8)
 G - a wand of digging (2)
Scrolls
 b - 11 scrolls of teleportation
 g - 5 scrolls of vulnerability
 h - 7 scrolls of identify
 o - 4 scrolls of amnesia
 s - 11 scrolls of poison
 w - 3 scrolls of immolation
 A - a scroll of magic mapping
 C - a scroll of fear
 K - a scroll of silence
Potions
 a - 6 potions of mutation
 c - 9 potions of curing
 d - a potion of resistance
 e - 4 potions of cancellation
 f - 6 potions of might
 m - 4 potions of brilliance
 p - a potion of attraction
 r - 2 potions of lignification
 D - a potion of ambrosia
 H - a potion of berserk rage
Miscellaneous
 n - a phial of floods


   Skills:
 + Level 10.5 Fighting
 + Level 13.8 Dodging
 - Level 3.2 Stealth
 - Level 10.0 Spellcasting
 - Level 5.0 Hexes
 - Level 10.0 Summonings
 - Level 5.0 Translocations
 + Level 9.2 Transmutations
 - Level 7.0 Air Magic
 + Level 14.3 Invocations


You had 12 spell levels left.
You knew the following spells:

 Your Spells              Type           Power      Damage    Failure   Level
a - Summon Small Mammal   Summ           100%       N/A       1%          1
b - Call Imp              Summ           51%        N/A       1%          2
c - Call Canine Familiar  Summ           51%        N/A       1%          3
d - Summon Guardian Gole  Hex/Summ       42%        N/A       1%          3
e - Summon Lightning Spi  Summ/Air       46%        N/A       1%          4
f - Summon Forest         Summ/Tloc      21%        N/A       9%          5
g - Blink                 Tloc           62%        N/A       1%          2

Your spell library contained the following spells:

 Spells                   Type           Power      Damage    Failure   Level
 Apportation              Tloc           62%        N/A       1%          1
 Static Discharge         Conj/Air       25%        3-7/arc   2%          2
 Airstrike                Air            19%        2d(3-19)  3%          4
 Blade Hands              Tmut           24%        N/A       4%          5
 Magic Dart               Conj           40%        1d5       6%          1
 Necrotise                Necr           40%        1d6       6%          1
 Sandblast                Erth           20%        2d7       6%          1
 Dazzling Flash           Conj/Hex       42%        N/A       7%          3
 Mephitic Cloud           Conj/Pois/Air  20%        N/A       8%          3
 Searing Ray              Conj           20%        2d5       10%         2
 Silence                  Hex/Air        17%        N/A       16%         5
 Ozocubu's Armour         Ice            10%        N/A       19%         3
 Fulminant Prism          Conj/Hex       10%        3d9       22%         4
 Manifold Assault         Tloc           31%        N/A       22%         5
 Alistair's Intoxication  Tmut/Pois      19%        N/A       26%         5
 Irradiate                Conj/Tmut      14%        3d16      26%         5
 Lightning Bolt           Conj/Air       12%        1d26      38%         5
 Summon Hydra             Summ           25%        N/A       65%         7
 Dragon Form              Tmut           24%        N/A       77%         7
 Eringya's Noxious Bog    Tmut/Pois      14%        N/A       83%         6
 Agony                    Necr           10%        N/A       87%         5
 Borgnjor's Vile Clutch   Necr/Erth      5%         N/A       87%         5
 Fireball                 Conj/Fire      7%         3d5       87%         5
 Iskenderun's Battlesphe  Conj           10%        2d6       87%         5
 Storm Form               Tmut/Air       22%        N/A       89%         7
 Conjure Ball Lightning   Conj/Air       12%        3x3d6     93%         6
 Haunt                    Necr/Summ      15%        N/A       100%        7
 Orb of Destruction       Conj           5%         9d5       100%        7
 Ozocubu's Refrigeration  Ice            5%         4d8       100%        7
 Maxwell's Capacitive Co  Air            19%        ∞         100%        8
 Chain Lightning          Conj/Air       12%        3d16      100%        9
 Death's Door             Necr           5%         N/A       100%        9
 Fire Storm               Conj/Fire      7%         8d2       100%        9
 Shatter                  Erth           5%         3d8*      100%        9


Dungeon Overview and Level Annotations

Branches:
Dungeon (14/15)            Temple (0/1) D:5            Lair (5/5) D:11
 Shoals (0/4) Lair:3       Spider (0/4) Lair:3        Slime (0/5) Lair:5
    Orc (2/2) D:9             Elf (0/3) Orc:2         IceCv (visited)
 Vaults: D:13-14

Altars:
Ashenzari
Cheibriados
Elyvilon
Fedhas
Hepliaklqana
Kikubaaqudgha
Okawaru
Qazlal
Trog
Wu Jian
Zin
Jiyva

Shops:
D:5 :   D:7 (   D:10 *?=(*   D:13 *   Orc:1 *

Annotations:
D:6 1 runed translucent door, Crazy Yiuf
D:13 exclusion: downstairs
Orc:2 Saint Roka


Innate Abilities, Weirdness & Mutations

Your life essence is reduced to manifest your ancestor. (-10% HP)
You have sharp claws.
You have razor-sharp teeth.
You have supernaturally acute eyesight. (SInv)
You cover ground quickly. (Speed+)
Your thick and shaggy fur keeps you warm. (AC +3, rC+)
Your paws help you pounce on unaware monsters.
You are incapable of wielding weapons or throwing items.
You cannot wear armour.
You gain extra lives every three experience levels.


Message History

Your dryad calls out to the forest.
The forest starts to sway and rumble!
A bolt appears from out of your range of vision.
The bolt hits Sanele!
Sanele is destroyed!
The orc completely misses you. The orc warrior completely misses you.
Saint Roka says to your dryad, "Down here, you're an orc or you're nobody."
Saint Roka calls down the wrath of Beogh upon your dryad.
Your dryad is smitten.
Saint Roka roars a battlecry!
You hear a shout!
Casting: Summon Forest (quite dangerous; 9% risk of failure)
Confirm with . or Enter, or press ? or * to list all spells.
An electric hum fills the air.
Saint Roka invokes the aid of Beogh against you.
Beogh smites you!
Your dryad hits the orc.
The orc hits your lightning spire with a +0 flail.
Your dryad hits the orc.
Casting: Summon Lightning Spire (dangerous; 1% risk of failure)
Confirm with . or Enter, or press ? or * to list all spells.
A guardian golem appears, shielding your allies.
Your lightning spire shoots out a bolt of lightning at the orc!
The bolt of electricity hits the orc!
The orc dies!
The orc warrior closely misses you.
Saint Roka invokes the aid of Beogh against you.
Beogh smites you!
* * * LOW HITPOINT WARNING * * *
Your dryad hits the orc warrior.
The orc warrior hits your lightning spire with a +3 glaive!
Saint Roka invokes the aid of Beogh against you.
Beogh smites you!
* * * LOW HITPOINT WARNING * * *
Your dryad hits the orc warrior.
Okay, then.
You feel better.
The orc warrior hits your lightning spire with a +3 glaive!
Saint Roka invokes the aid of Beogh against you.
Beogh smites you!
You die...

#♣...♣............#.##
##.....#........#.....#
#♣..#.♣.♣.$.).♣###...##
...............###....####
................#........##
......[)[)[[....♣♣........#
...).[.[[[.<[.♣...........#
....).~.....)9...........##
.....~~...[.Ro8.@.........#
.....~~.....<).....♣.....##
...§.~~[....)....♣.......#*
..)..~..[.............#...#
...♣†...$o...............##
$.)).....................#
...))...........♣........**
.)o.)#..................,,*
.....#................,,,**


You could see Saint Roka (drained), an orc warrior (strong, ally target), a
friendly dryad (summoned, sheltered), a friendly guardian golem (summoned) and a
friendly lightning spire (summoned, sheltered).

Vanquished Creatures
  A quicksilver ooze (IceCv)
  A fire dragon (Lair:5)
  A catoblepas (Lair:5)
  A torpor snail (Lair:5)
  A rime drake (Lair:5)
  A cane toad (Lair:5)
  A tengu conjurer (D:13)
  A yak (Lair:1)
  An orc warrior (D:13)
  2 wolves
  A hexer (Lair:3)
  A hound (D:5)
  A shapeshifter simulacrum (IceCv)
  3 orcs
  A frilled lizard (D:1)
  3 rats
21 creatures vanquished.

Vanquished Creatures (collateral kills)
  9 slime creatures
  2 quicksilver oozes (IceCv)
  Nessos (Orc:2)
  Snorg (Lair:4)
  2 hydras
  3 two-headed ogres
  3 death yaks (Lair:5)
  Urug (Lair:4)
  Nergalle (Lair:2)
  Sonja (Lair:1)
  Amaemon (Lair:1)
  3 lindwurms (Lair:5)
  6 orc knights
  3 wizards (D:12)
  3 ugly things
  2 deep elf pyromancers
  2 cyclopes
  2 manticores (D:13)
  3 orc sorcerers
  6 elephants
  Joseph (D:10)
  An ice statue (IceCv)
  3 black mambas
  4 torpor snails
  An eye of devastation (Lair:5)
  A gargoyle (D:12)
  7 cane toads
  An orange demon (Lair:1)
  2 unseen horrors
  11 komodo dragons
  A kobold demonologist (D:13)
  A tengu conjurer (D:13)
  2 yaktaurs (D:14)
  2 rime drakes (Lair:5)
  A polar bear (Lair:5)
  A troll (D:11)
  2 tyrant leeches (Lair:5)
  3 hornets (Lair:5)
  27 blink frogs
  8 dream sheep (Lair:5)
  2 shadows
  A snapping turtle (Lair:3)
  39 yaks
  6 wyverns
  2 vampires
  2 wraiths
  8 basilisks
  A steam dragon (D:6)
  2 vampire mosquitoes (D:10)
  7 wargs
  3 acid dragons
  14 water moccasins
  A floating eye (Lair:5)
  39 orc warriors
  2 sky beasts (D:8)
  A black bear (D:5)
  2 great orb of eyes simulacra (IceCv)
  3 ogres
  2 centaurs
  32 wolves
  2 phantoms
  A kobold brigand (D:8)
  2 nameless horrors
  7 bullfrogs
  3 gnoll sergeants
  2 scorpions
  3 necrophages
  2 glowing shapeshifter simulacra (IceCv)
  11 wights
  3 killer bees (D:7)
  A howler monkey (D:8)
  2 jellies (D:8)
  19 orc priests
  A gnoll bouda (D:8)
  2 hounds
  2 iguanas
  9 orc wizards
  4 hell rats (Lair:3)
  15 gnolls
  5 adders
  A shadow imp (D:6)
  A white imp (D:8)
  An ufetubus (D:4)
  A worm (D:4)
  4 dart slugs
  104 orcs
  7 bats
  6 endoplasms
  5 giant cockroaches
  9 goblins
  10 hobgoblins
  3 quokkas
  7 ball pythons
  3 frilled lizards
  14 kobolds
  3 rats
  A spectral hobgoblin (D:4)
  A bush (Lair:3)
581 creatures vanquished.

Vanquished Creatures (others)
  An azure jelly (IceCv)
  An ettin (Orc:1)
  A two-headed ogre (D:11)
  An ugly thing (D:13)
  A black mamba (Lair:2)
  An elephant (Lair:5)
  2 ice statues (IceCv)
  2 torpor snails (Lair:5)
  2 cane toads
  3 komodo dragons
  A troll (D:5)
  2 tyrant leeches (Lair:5)
  4 hornets (Lair:5)
  2 slime creatures (IceCv)
  7 yaks
  A steam dragon (D:7)
  5 orc warriors
  An ogre (Orc:1)
  6 wolves
  3 centaurs
  4 slime creature simulacra (IceCv)
  A gnoll sergeant (D:8)
  4 glowing shapeshifter simulacra (IceCv)
  2 killer bees (D:7)
  A jelly (D:6)
  2 orc priests
  An orc wizard (Orc:1)
  A shapeshifter simulacrum (IceCv)
  35 hexers
  A gnoll (D:8)
  3 ancestors
  7 orcs
  31 fungi
  67 plants
  5 snaplasher vines
212 creatures vanquished.

Grand Total: 814 creatures vanquished

Notes
Turn   | Place    | Note
-------+----------+-------------------------------------------
     0 | D:1      | croobank the Felid Summoner began the quest for the Orb.
     0 | D:1      | Reached XP level 1. HP: 7/7 MP: 4/4
   341 | D:1      | Reached XP level 2. HP: 11/11 MP: 1/6
   415 | D:1      | Learned a level 2 spell: Call Imp
   763 | D:1      | Reached XP level 3. HP: 15/15 MP: 2/7
   767 | D:1      | Learned a level 3 spell: Call Canine Familiar
  1256 | D:1      | Reached skill level 1 in Fighting
  1295 | D:1      | Found a faded altar of an unknown god.
  1577 | D:2      | Found a hazy altar of Hepliaklqana.
  1604 | D:2      | Became a worshipper of Hepliaklqana the Forgotten
  1690 | D:2      | Reached XP level 4. HP: 19/19 MP: 1/8
  2516 | D:3      | Found a white marble altar of Elyvilon.
  2886 | D:3      | Identified the +2 dagger of the Ghost {spect, Stlth+}
  2961 | D:3      | Reached skill level 1 in Invocations
  2961 | D:3      | Reached XP level 5. HP: 10/22 MP: 7/10
  2969 | D:3      | Learned a level 3 spell: Summon Guardian Golem
  3183 | D:3      | Found a glowing silver altar of Zin.
  3819 | D:4      | Reached * piety under Hepliaklqana
  4357 | D:4      | Found a hazy altar of Hepliaklqana.
  4546 | D:5      | Entered Level 5 of the Dungeon
  4718 | D:5      | Reached skill level 1 in Hexes
  4855 | D:5      | Noticed a black bear
  4865 | D:5      | Killed a black bear
  4866 | D:5      | Reached skill level 5 in Summonings
  4866 | D:5      | Reached skill level 2 in Invocations
  4866 | D:5      | Gained mutation: You are covered in thick fur. (AC +2)
                  | [Felid growth]
  4866 | D:5      | Reached XP level 6. HP: 23/23 MP: 5/11
  4944 | D:5      | Noticed a troll
  5162 | D:5      | Killed a troll
  5163 | D:5      | Reached XP level 7. HP: 27/27 MP: 0/13
  5183 | D:5      | Reached skill level 5 in Dodging
  5183 | D:5      | Reached skill level 3 in Invocations
  5265 | D:5      | Found a snail-covered altar of Cheibriados.
  5371 | D:5      | Found a staircase to the Ecumenical Temple.
  5434 | D:5      | Found Xaive's Book Emporium.
  5757 | D:5      | Found a bloodstained altar of Trog.
  6008 | D:5      | Found a blossoming altar of Fedhas.
  6401 | D:6      | Reached skill level 4 in Invocations
  6401 | D:6      | Reached XP level 8. HP: 30/30 MP: 8/14
  6448 | D:6      | Learned a level 4 spell: Summon Lightning Spire
  6687 | D:6      | Reached ** piety under Hepliaklqana
  6688 | D:6      | Remembered your ancestor Sanele as a hexer
  6734 | D:6      | Found a runed translucent door.
  6735 | D:6      | Noticed Crazy Yiuf
  6862 | D:6      | Reached skill level 1 in Air Magic
  7035 | D:6      | Found a stormy altar of Qazlal.
  7252 | D:7      | Found Yhul's Weapon Emporium.
  7374 | D:7      | Reached skill level 5 in Invocations
  7470 | D:7      | Reached skill level 5 in Hexes
  7768 | D:7      | Found an ornate altar of the Wu Jian Council.
  7785 | D:7      | Reached XP level 9. HP: 35/35 MP: 3/16
  8748 | D:8      | Reached skill level 6 in Invocations
  9012 | D:8      | Reached skill level 5 in Spellcasting
  9090 | D:8      | Found an iron altar of Okawaru.
  9152 | D:8      | Reached *** piety under Hepliaklqana
  9172 | D:8      | Reached skill level 5 in Fighting
  9259 | D:8      | Found an ancient bone altar of Kikubaaqudgha.
  9547 | D:8      | Reached skill level 7 in Invocations
 10152 | D:9      | Reached XP level 10. HP: 39/39 MP: 10/18
 11375 | D:9      | Found a staircase to the Orcish Mines.
 11606 | D:10     | Entered Level 10 of the Dungeon
 11642 | D:10     | Reached skill level 8 in Invocations
 11946 | D:10     | Found Xosmev's Weapon Shop.
 12068 | D:10     | Reached **** piety under Hepliaklqana
 12149 | D:10     | Found Peta's Jewellery Boutique.
 12155 | D:10     | Bought a ring of willpower for 350 gold pieces
 12171 | D:10     | Noticed Joseph
 12182 | D:10     | Killed Joseph
 12359 | D:10     | Found Gidghi's Magic Scroll Shoppe.
 12362 | D:10     | Bought a scroll of immolation for 60 gold pieces
 12362 | D:10     | Bought a scroll of butterflies for 60 gold pieces
 12434 | D:10     | Found Rucsoro's General Store.
 12517 | D:10     | Found Abeivalu's Assorted Antiques.
 12728 | D:11     | Found a staircase to the Lair.
 12965 | D:11     | Noticed a two-headed ogre
 12988 | D:11     | Killed a two-headed ogre
 12989 | D:11     | Reached skill level 1 in Transmutations
 12989 | D:11     | Reached XP level 11. HP: 43/43 MP: 13/21
 13823 | D:12     | Noticed a two-headed ogre
 13938 | D:12     | Killed a two-headed ogre
 13953 | D:12     | Noticed a two-headed ogre
 13962 | D:12     | Noticed a wizard
 13966 | D:12     | Killed a two-headed ogre
 13967 | D:12     | Reached skill level 9 in Invocations
 13970 | D:12     | Killed a wizard
 14155 | D:12     | Noticed a wizard
 14166 | D:12     | Killed a wizard
 14167 | D:12     | Reached skill level 5 in Air Magic
 14168 | D:12     | Noticed a wizard
 14180 | D:12     | Noticed a deep elf pyromancer
 14186 | D:12     | Killed a wizard
 14194 | D:12     | Killed a deep elf pyromancer
 14377 | D:12     | Got the Atlas of Dhcmrlchtdj
 14391 | D:12     | Got the Handbook of Plaster Cramp
 14407 | D:12     | Got the Anthology of Axaxaxas mlö
 14609 | D:12     | Found a frozen archway.
 14619 | IceCv    | Entered an ice cave
 14646 | IceCv    | Noticed a quicksilver ooze
 14646 | IceCv    | Noticed a quicksilver ooze
 14658 | IceCv    | Killed a quicksilver ooze
 15034 | IceCv    | Killed a quicksilver ooze
 15335 | IceCv    | Reached skill level 10 in Dodging
 15335 | IceCv    | Reached skill level 10 in Invocations
 16026 | IceCv    | Gained mutation: Your thick and shaggy fur keeps you warm.
                  | (AC +3, rC+) [Felid growth]
 16026 | IceCv    | Reached XP level 12. HP: 48/48 MP: 0/23
 16109 | IceCv    | Noticed a quicksilver ooze
 16116 | IceCv    | Killed a quicksilver ooze
 16362 | IceCv    | Found a viscous altar of Jiyva.
 16362 | IceCv    | Noticed an azure jelly
 16371 | IceCv    | Killed an azure jelly
 16587 | IceCv    | Identified the +8 ice dragon scales of Neraicol {rF- rC++
                  | Int+4}
 16968 | D:12     | Reached ***** piety under Hepliaklqana
 17173 | D:13     | Found a broken altar of Ashenzari.
 17260 | Lair:1   | Entered Level 1 of the Lair of Beasts
 17579 | Lair:1   | Noticed Sonja
 17586 | Lair:1   | Killed Sonja
 17587 | Lair:1   | Reached skill level 1 in Translocations
 17737 | Lair:1   | Reached skill level 5 in Transmutations
 17862 | Lair:1   | Reached skill level 11 in Invocations
 18110 | Lair:1   | Learned a level 2 spell: Blink
 18385 | Lair:1   | Learned a level 5 spell: Summon Forest
 18448 | Lair:1   | Noticed Amaemon
 18460 | Lair:1   | Killed Amaemon
 19119 | Lair:2   | Reached XP level 13. HP: 48/52 MP: 11/26
 19952 | Lair:2   | Noticed Nergalle
 19961 | Lair:2   | Killed Nergalle
 21056 | Lair:3   | Found a hole to the Spider Nest.
 21378 | Lair:3   | Reached skill level 5 in Translocations
 21921 | Lair:3   | Found a staircase to the Shoals.
 22552 | Lair:4   | Reached ****** piety under Hepliaklqana
 22571 | Lair:4   | Noticed Urug
 22586 | Lair:4   | Killed Urug
 22895 | Lair:4   | Noticed Snorg
 22912 | Lair:4   | Killed Snorg
 23201 | Lair:4   | Identified the +1 glaive "Killer Klown's Foe" {chaos,
                  | Contam rC+ rN+ Dex+3}
 24099 | Lair:5   | Entered Level 5 of the Lair of Beasts
 24111 | Lair:4   | Reached skill level 12 in Invocations
 25276 | Lair:5   | Mangled by a komodo dragon
 25277 | Lair:5   | Reached XP level 12. HP: -12/50 MP: 0/26
 25293 | Lair:4   | Reached skill level 10 in Summonings
 25593 | Orc:1    | Entered Level 1 of the Orcish Mines
 25672 | Orc:1    | Noticed a two-headed ogre
 25685 | Orc:1    | Reached XP level 13. HP: 54/54 MP: 13/27
 25712 | Orc:1    | Shot with a bolt by an orc warrior
 25713 | Orc:1    | Reached XP level 12. HP: -1/50 MP: 0/26
 25995 | Orc:2    | Entered Level 2 of the Orcish Mines
 26020 | Orc:2    | Noticed Saint Roka
 26442 | Orc:1    | Found Ablahate's Assorted Antiques.
 26454 | Orc:1    | Bought a fizzy pink potion for 26 gold pieces
 27957 | D:13     | Found Xiag Uro's Assorted Antiques.
 28288 | D:14     | Reached skill level 10 in Spellcasting
 28291 | D:14     | Noticed a fire dragon
 28296 | D:14     | Noticed a centaur warrior
 29750 | Lair:5   | HP: 1/51 [lindwurm/blast of flame (19)]
 29941 | Lair:5   | Reached skill level 13 in Invocations
 29947 | Lair:5   | Reached XP level 13. HP: 38/54 MP: 11/28
 30493 | Lair:5   | Found a viscous altar of Jiyva.
 30929 | Lair:5   | Found a staircase to the Slime Pits.
 31913 | Lair:5   | Identified the +1 robe of the Dice {rN+ Will+ MP+9}
 32535 | Lair:5   | Found a runed translucent door.
 32536 | Lair:5   | Noticed a fire dragon
 32545 | Lair:5   | Reached skill level 10 in Fighting
 32680 | D:10     | Bought a ring of fire for 350 gold pieces
 33023 | Lair:5   | Killed a fire dragon
 33024 | Lair:5   | Reached skill level 14 in Invocations
 34271 | Orc:1    | Noticed an ettin
 34298 | Orc:1    | Killed an ettin
 34676 | Orc:2    | HP: 1/54 [orc knight/+0 war axe (35)]
 35489 | Orc:2    | Noticed Nessos
 35648 | Orc:2    | Reached XP level 14. HP: 54/59 MP: 9/29
 35648 | Orc:2    | Killed Nessos
 35840 | Orc:1    | Slain by a warg
 35841 | Orc:1    | Reached XP level 13. HP: 0/55 MP: 0/28
 35846 | Orc:1    | Bought a scroll of teleportation for 87 gold pieces
 37086 | Orc:2    | Killed from afar by Saint Roka

Illustrated notes

Levels and vault maps discovered:
D:1:      ebering_hopf_link, layout_rooms,
          shapermc_ecumenical_altar_mp_urbaneastern
D:2:      layout_rooms, basic_altar
D:3:      layout_basic, elyvilon_altar_1, zin_statuary
D:4:      layout_basic, nicolae_hepliaklqana_monster_ancestors
D:5:      layout_loops_cross, kennysheep_mini, lemuel_coloured_pillars_altar,
          overflow_temple_1_default, temple_statues, serial_shops, shop
D:6:      layout_cave_pools, nicolae_qazlal_general_emergency,
          kennysheep_generic_room_12, uniq_crazy_yiuf_cottage
D:7:      layout_rooms, mainiacjoe_overflow_cross_hatched, serial_shops, shop,
          kennysheep_donut
D:8:      layout_basic, nicolae_kikubaaqudgha_miasma_corner,
          minmay_ruined_shrine
D:9:      layout_roguey, erik_orc_3
D:10:     layout_irregular_city, serial_shops, shop,
          nicolae_shop_bloodbath_and_beyond, nicolae_shop_behind_doors, shop,
          nicolae_shop_behind_doors, uniq_joseph
D:11:     layout_small_grid, dpeg_oklobed_lair
D:12:     layout_small_grid, portal_ice_cave_entry_pillars_2,
          bh_hangedman_babel_library
D:13:     layout_roguey [special_room_orc], serial_shops, shop,
          evilmike_ruin_ashenzari
D:14:     layout_rooms, david_vaults_5, hangedman_abyss_or_decor_stagger,
          serial_bayou, serial_bayou_shore_a, serial_bayou_lake_a,
          serial_bayou_pond_c, serial_bayou_pond_d, glass_columns_b,
          serial_bayou_lagoon_b
Lair:1:   layout_roguey, grunt_megastairs_4, uniq_sonja, uniq_amaemon
Lair:2:   layout_hall_layers, uniq_nergalle
Lair:3:   layout_loops_ring, minmay_shoals_entry_hut,
          spider_nest_entry_web_field, beast_lair_carwin_10, grunt_megastairs_2
Lair:4:   layout_concentric_octagons, uniq_snorg, uniq_urug
Lair:5:   wormcave, layout_regular_city, hangedman_lair_in_review,
          minmay_slime_entry_eyes, grunt_forest_large_clearings
Orc:1:    layout_diamond_mine, serial_shops, nicolae_diamond_shop
Orc:2:    st_orc_town, layout_caves, uniq_saint_roka, uniq_nessos

Skill      XL: |  1  2  3  4  5  6  7  8  9 10 11 12 13 |
---------------+----------------------------------------+-----
Stealth        | 3 |  3.2
Dodging        | 3 4 5 6 7 9 10 12 13 | 13.8
Fighting       | 1 2 3 4 5 6 7 9 10 | 10.5
Invocations    | 1 2 4 5 7 8 10 13 14 | 14.3
Spellcasting   | 3 4 5 6 7 10 9 | 10.0
Hexes          | 1 2 3 5 |  5.0
Summonings     | 5 6 7 8 10 | 10.0
Air Magic      | 1 3 4 5 6 7 |  7.0
Transmutations | 1 4 7 9 |  9.2
Translocations | 4 5 |  5.0

Action                   |  1- 3 |  4- 6 |  7- 9 | 10-12 | 13-15 || total
-------------------------+-------+-------+-------+-------+-------++-------
Melee: Unarmed           |    17 |    18 |    16 |    27 |    36 ||   114
       Bite              |     1 |     1 |       |     4 |     9 ||    15
       Punch             |       |       |       |       |     1 ||     1
 Cast: Summon Small Mamm |    38 |    47 |    33 |    26 |    32 ||   176
       Call Imp          |     9 |    18 |    16 |    23 |    24 ||    90
       Call Canine Famil |     9 |    15 |    30 |    61 |    63 ||   178
       Summon Guardian G |       |     2 |    22 |    70 |    50 ||   144
       Summon Lightning  |       |       |    13 |    90 |    93 ||   196
       Summon Forest     |       |       |       |     8 |    29 ||    37
       Blink             |       |       |       |     2 |     3 ||     5
Invok: Recall Ancestor   |       |     1 |       |     8 |     2 ||    11
       Ancestor Life: He |       |       |     1 |       |       ||     1
       Idealise          |       |       |       |     1 |     1 ||     2
       Ancestor Identity |       |       |       |     1 |       ||     1
Evoke: Wand              |       |       |     2 |    10 |    20 ||    32
  Use: Scroll            |     6 |    12 |     6 |     6 |    12 ||    42
       Potion            |       |     2 |       |     4 |    12 ||    18
 Stab: Sleeping          |     3 |     1 |       |     2 |     2 ||     8
       Betrayed ally     |       |       |       |     1 |       ||     1
       Invisible         |       |       |       |       |     1 ||     1
       Distracted        |       |       |       |       |     1 ||     1
Armor: Skin              |       |     4 |     3 |     2 |    14 ||    23
Dodge: Dodged            |    23 |    35 |    47 |   120 |   286 ||   511
